[Event "Team 45 45 League T59"]
[Site "Internet Chess Club"]
[Date "2013.12.22"]
[Round "4"]
[White "QuieroAprender"]
[Black "Egmont"]
[Result "0-1"]
[WhiteElo "1661"]
[BlackElo "1800"]
[Opening "Sicilian defense"]
[ECO "B30"]
[Time "11:08:20"]
[TimeControl "2700+45"]

1. e4 c5 2. Nf3 Nc6 3. c3 d5 4. Bb5 dxe4 5. Bxc6+ bxc6 6. Ne5 Qd5 7. Qa4 Bb7 8.
Nc4 Nf6 9. Ne3 Qd3 10. c4 e6 11. Qb3 Rb8 12. Nc3 Bd6 13. Qa4 a6 14. Qc2 O-O 15.
b3 Rfd8 16. Qxd3 exd3 17. f3 Be5 18. Bb2 Bd4 19. Rd1 Bc8 20. Na4 e5 21. Ba3 e4
22. Nxc5 Bxc5 23. Bxc5 exf3 24. gxf3 Nh5 25. Kf2 Nf4 26. Be7 Rd7 27. Bg5 Nh3+
{White resigns} 0-1

[Event "Team 45 45 League T59"]
[Site "Internet Chess Club"]
[Date "2013.12.11"]
[Round "4"]
[White "Kingofknights"]
[Black "isolani"]
[Result "1/2-1/2"]
[WhiteElo "1795"]
[BlackElo "1624"]
[Opening "Old Indian defense"]
[ECO "A53"]
[Time "18:00:12"]
[TimeControl "2700+45"]

1. d4 Nf6 2. c4 d6 3. Nc3 c6 4. e4 Qa5 5. Bd2 Qb6 6. Bc1 e5 7. d5 Be7 8. Nf3 Bg4
9. Be2 Nbd7 10. Na4 Qc7 11. Qd3 O-O 12. O-O Rac8 13. b4 cxd5 14. cxd5 Qc2 15.
Qxc2 Rxc2 16. Bd3 Rc7 17. Nd2 Rfc8 18. f3 Bh5 19. Bb2 Bg6 20. Rfc1 Rxc1+ 21.
Rxc1 Rxc1+ 22. Bxc1 Nxd5 23. Bb5 N5b6 24. Nxb6 Nxb6 25. Nc4 Nxc4 26. Bxc4 Kf8
27. a4 f5 28. exf5 Bxf5 29. Be3 a6 30. Bd5 Bc8 31. Kf2 Bd8 32. a5 Ke7 33. f4 Kf6
34. Kf3 exf4 35. Kxf4 g5+ 36. Ke4 Bf5+ 37. Kf3 Bc8 38. Bd4+ Ke7 39. Ke3 Bd7 40.
Bxb7 Bb5 41. Be4 h5 42. Bd3 Bxd3 43. Kxd3 d5 44. Bc5+ Kd7 45. Kd4 Kc6 46. h3
Bf6+ 47. Kd3 Bd8 48. g4 hxg4 49. hxg4 Bxa5 50. Be7 Bc7 51. Bxg5 Bd6 52. Bf6 Bxb4
53. g5 Bf8 54. g6 Kd7 55. Kd4 Ke6 {Game drawn by mutual agreement} 1/2-1/2

[Event "Team 45 45 League T59"]
[Site "Internet Chess Club"]
[Date "2013.12.13"]
[Round "4"]
[White "Leon13"]
[Black "tightfist"]
[Result "0-1"]
[WhiteElo "1329"]
[BlackElo "1697"]
[Opening "French defense"]
[ECO "B41"]
[Time "19:01:02"]
[TimeControl "2700+45"]

1. e4 e6 2. d4 c5 3. Ne2 cxd4 4. Nxd4 b6 5. g3 Bb7 6. Bg2 Nf6 7. c3 Bxe4 8. Bxe4
Nxe4 9. Qd3 d5 10. Bf4 Bc5 11. Nd2 Nxd2 12. Qb5+ Qd7 13. Qxd7+ Nxd7 14. Bxd2
Bxd4 15. cxd4 Rc8 16. O-O O-O 17. f4 Rc2 18. Bc3 Nf6 19. h3 Ne4 20. Bb4 Rfc8 21.
g4 Rxb2 22. Ba3 Rbc2 23. Rfc1 g6 24. Rf1 R8c3 25. Bb4 Rg3+ 26. Kh1 Nf2+ 27. Kh2
Ne4+ 28. Kh1 Rgg2 29. Rf3 Ng3+ 30. Rxg3 Rxg3 31. f5 Rxh3+ 32. Kg1 gxf5 33. gxf5
exf5 34. Bd6 f6 35. Rf1 Rh5 36. Re1 Rg5+ 37. Kh1 Rxa2 38. Re8+ Kf7 39. Rf8+ Kg6
40. Bf4 Rg4 41. Bd6 Rxd4 42. Rg8+ Kh5 43. Rg1 Rh4+ {White resigns} 0-1

[Event "Team 45 45 League T59"]
[Site "Internet Chess Club"]
[Date "2013.12.13"]
[Round "4"]
[White "chess9397"]
[Black "nidusin2"]
[Result "1-0"]
[WhiteElo "1850"]
[BlackElo "1636"]
[Opening "Sicilian: Najdorf"]
[ECO "B90"]
[Time "23:02:23"]
[TimeControl "2700+45"]

1. e4 c5 2. Nf3 d6 3. d4 cxd4 4. Nxd4 Nf6 5. Nc3 a6 6. f3 e5 7. Nb3 Be6 8. Be3
Nbd7 9. Qd2 Be7 10. Be2 O-O 11. O-O-O Rc8 12. Kb1 b5 13. g4 Nc5 14. h4 Re8 15.
h5 b4 16. Nd5 Bxd5 17. exd5 Nxb3 18. cxb3 a5 19. g5 Nd7 20. Bd3 Nf8 21. Rdg1 g6
22. hxg6 fxg6 23. Qh2 Qd7 24. Bxg6 Bd8 25. Bxe8 Qxe8 26. g6 {Black resigns} 1-0

[Event "Team 45 45 League T59"]
[Site "Internet Chess Club"]
[Date "2013.12.11"]
[Round "4"]
[White "fireball"]
[Black "DouDou"]
[Result "0-1"]
[WhiteElo "1742"]
[BlackElo "1867"]
[Opening "KGA: Fischer defense"]
[ECO "C34"]
[Time "22:32:03"]
[TimeControl "2700+45"]

1. e4 e5 2. f4 exf4 3. Nf3 d6 4. d4 Nc6 5. Bc4 Bg4 6. Bxf4 Bxf3 7. Qxf3 Nxd4 8.
Bxf7+ Kxf7 9. Qh5+ g6 10. Qd5+ Ne6 11. O-O Nf6 12. Qb3 Qd7 13. Bg5 Be7 14. Nc3
Kg7 15. Bxf6+ Bxf6 16. Rxf6 Kxf6 17. Nd5+ Kg7 18. Qc3+ Kh6 19. Nf6 Qe7 20. Ng4+
Kg5 21. Qg3 Rhf8 22. Rd1 Nf4 23. Qf3 h5 24. h4+ Kxh4 25. g3+ Kg5 26. Rd5+ Nxd5
27. Qd3 hxg4 28. Qxd5+ Qe5 {White resigns} 0-1

[Event "Team 45 45 League T59"]
[Site "Internet Chess Club"]
[Date "2013.12.15"]
[Round "4"]
[White "ilovechess"]
[Black "Ajolote"]
[Result "0-1"]
[WhiteElo "1484"]
[BlackElo "1579"]
[Opening "Sicilian: Najdorf, Opocensky variation"]
[ECO "B92"]
[Time "21:00:42"]
[TimeControl "2700+45"]

1. e4 c5 2. Nf3 d6 3. d4 cxd4 4. Nxd4 Nf6 5. Nc3 a6 6. Be2 g6 7. Be3 Bg7 8. Qd2
O-O 9. Bh6 Bd7 10. O-O b5 11. a3 Re8 12. Rfe1 Qb6 13. Bxg7 Kxg7 14. Qe3 Qc7 15.
Rad1 e6 16. Bf3 e5 17. Nde2 Nc6 18. Ng3 Be6 19. Nf5+ Bxf5 20. exf5 h6 21. fxg6
fxg6 22. Rd2 Rad8 23. Red1 Re7 24. Ne4 Nxe4 25. Qxe4 Na5 26. Be2 Rf7 27. Bd3 d5
28. Qxg6+ Kf8 29. Qxh6+ Ke7 30. Qg5+ Kd7 31. Bf5+ Kc6 32. Rd3 Rg7 33. Rc3+ Kb6
34. Qe3+ d4 35. Rxc7 dxe3 36. Rxg7 Rxd1# {White checkmated} 0-1

[Event "Team 45 45 League T59"]
[Site "Internet Chess Club"]
[Date "2013.12.12"]
[Round "4"]
[White "Insan996"]
[Black "ani"]
[Result "1-0"]
[WhiteElo "1592"]
[BlackElo "1277"]
[Opening "King's Indian: East Indian defense"]
[ECO "A48"]
[Time "22:00:56"]
[TimeControl "2700+45"]

1. d4 Nf6 2. Nf3 g6 3. e3 Bg7 4. Be2 d5 5. O-O O-O 6. b3 c6 7. Bb2 Bf5 8. c4 e6
9. Nc3 Re8 10. Ne5 b6 11. g4 Be4 12. f3 Bf5 13. gxf5 exf5 14. f4 Nbd7 15. Bf3
Re7 16. Nxc6 {Black resigns} 1-0

[Event "Team 45 45 League T59"]
[Site "Internet Chess Club"]
[Date "2013.12.17"]
[Round "4"]
[White "PJ"]
[Black "Stiltzkin"]
[Result "1-0"]
[WhiteElo "1642"]
[BlackElo "1652"]
[Opening "Sicilian: closed, Korchnoi variation"]
[ECO "B23"]
[Time "12:00:26"]
[TimeControl "2700+45"]

1. e4 c5 2. Nc3 e6 3. g3 d5 4. exd5 exd5 5. d3 Nf6 6. Bg2 d4 7. Ne4 Nxe4 8. Bxe4
Nd7 9. h4 Nf6 10. Bg5 Qa5+ 11. Bd2 Qb6 12. Bg2 Qxb2 13. Rb1 Qxa2 14. Bxb7 Bxb7
15. Rxb7 Qd5 16. Qe2+ Qe6 17. Nf3 Qxe2+ 18. Kxe2 Bd6 19. Ra1 O-O 20. Raxa7 Rxa7
21. Rxa7 Rb8 22. Ra2 h6 23. Ne1 Nd5 24. Kf1 f5 25. Ke2 f4 26. g4 Be7 27. h5 Kf7
28. Kf3 Bh4 29. Ng2 Bg5 30. Bxf4 Bxf4 31. Nxf4 Nc3 32. Ra7+ Kf6 33. Rc7 Rb2 34.
Rxc5 Rxc2 35. Nd5+ Ke6 36. Nxc3 dxc3 37. Ke3 Rc1 38. f4 c2 39. Kd4 Rg1 40. Rxc2
Rxg4 41. Ke4 Rg1 42. Rc6+ Kd7 43. Ra6 Rh1 44. Ra7+ Ke6 45. Rxg7 Rxh5 46. f5+
Rxf5 47. d4 Rg5 48. Ra7 h5 49. Ra6+ Kd7 50. Rh6 Rg4+ 51. Kd5 Rg5+ 52. Kc4 Rf5
53. d5 Rf4+ 54. Kc5 h4 55. Rh7+ Ke8 56. Kc6 Rc4+ 57. Kd6 Re4 58. Kc7 Rc4+ 59.
Kb6 Kd8 60. Kb5 Re4 61. Kc5 Ra4 62. Kd6 Ra6+ 63. Ke5 Ra4 64. Ke6 Re4+ 65. Kd6
Ra4 66. Rh8# {Black checkmated} 1-0

[Event "Team 45 45 League T59"]
[Site "Internet Chess Club"]
[Date "2013.12.14"]
[Round "4"]
[White "DaveTheRook"]
[Black "oldway"]
[Result "0-1"]
[WhiteElo "1658"]
[BlackElo "1790"]
[Opening "Réti: King's Indian attack"]
[ECO "A05"]
[Time "18:00:50"]
[TimeControl "2700+45"]

1. Nf3 Nf6 2. g3 g6 3. Bg2 Bg7 4. d3 c6 5. O-O d5 6. c3 O-O 7. Nbd2 Nbd7 8. Qc2
Qc7 9. e4 dxe4 10. dxe4 e5 11. Re1 b6 12. h3 Bb7 13. b3 c5 14. c4 Rad8 15. Bb2
Rfe8 16. Rad1 Nb8 17. Nh2 Nc6 18. Nhf1 Nd4 19. Qb1 Bc6 20. Ne3 Qc8 21. Nd5 Nxd5
22. exd5 Bd7 23. Kh2 Bf5 24. Be4 Bxh3 25. Bxd4 exd4 26. b4 Bd7 27. bxc5 Qxc5 28.
Nb3 Qxc4 29. Rc1 Qa4 30. Red1 Bb5 31. Bf3 Bc4 32. Nxd4 Bxd5 33. Bxd5 Rxd5 34.
Nf3 Qd7 35. Re1 Rh5+ 36. Kg2 Qh3+ {White resigns} 0-1

[Event "Team 45 45 League T59"]
[Site "Internet Chess Club"]
[Date "2013.12.12"]
[Round "4"]
[White "Megasus"]
[Black "SATELLITE-DAN"]
[Result "1-0"]
[WhiteElo "1610"]
[BlackElo "1554"]
[Opening "Queen's pawn game, Darooha variation "]
[ECO "D02"]
[Time "01:30:58"]
[TimeControl "2700+45"]

1. Nf3 Nf6 2. d4 d5 3. Nbd2 e6 4. a3 c5 5. e3 Nc6 6. b3 Bd6 7. Bb2 Bd7 8. c4 Rc8
9. Rc1 O-O 10. Be2 cxd4 11. exd4 Qe7 12. c5 Bf4 13. g3 Bb8 14. Ne5 Be8 15. Ndf3
Nd7 16. b4 f6 17. Nxc6 bxc6 18. O-O e5 19. Nh4 f5 20. f4 exf4 21. Rc3 fxg3 22.
hxg3 Qg5 23. Qe1 Bh5 24. Bxh5 Qxh5 25. Qe6+ Qf7 26. Qxf5 Qe7 27. Qh3 Rxf1+ 28.
Kxf1 Rf8+ 29. Rf3 Re8 30. Rf2 Qe1+ 31. Kg2 Re2 32. Qf5 Nf6 33. Rxe2 Qxe2+ 34.
Qf2 Qe4+ 35. Qf3 Qc2+ 36. Qf2 Qb1 37. Nf5 Qe4+ 38. Qf3 Qc2+ 39. Qf2 Qe4+ 40. Qf3
Qe8 41. Bc1 Ne4 42. g4 g6 43. Nh6+ Kg7 44. g5 Qe7 45. Qg4 Bc7 46. Qh4 Ng3 47.
Qg4 Qf8 48. Qd7+ Kh8 49. Qxc7 Qf1+ 50. Kxg3 Qg1+ 51. Kh3 Qf1+ 52. Kg4 Qe2+ 53.
Kg3 Qd3+ 54. Kh4 Qxd4+ 55. Ng4 Qg7 56. Qe5 {Black resigns} 1-0

[Event "Team 45 45 League T59"]
[Site "Internet Chess Club"]
[Date "2013.12.14"]
[Round "4"]
[White "mugurelt"]
[Black "portis2"]
[Result "1-0"]
[WhiteElo "1747"]
[BlackElo "1553"]
[Opening "Queen's pawn: Keres defense"]
[ECO "A10"]
[Time "13:30:15"]
[TimeControl "2700+45"]

1. c4 b6 2. d4 e6 3. Nc3 Bb4 4. Bd2 Bb7 5. Nf3 Nf6 6. g3 O-O 7. Bg2 d5 8. cxd5
Bxc3 9. bxc3 Bxd5 10. O-O Ne4 11. Qc2 Nxd2 12. Nxd2 Bxg2 13. Kxg2 Nd7 14. Nf3
Qf6 15. Rfd1 Rfd8 16. c4 c5 17. d5 exd5 18. cxd5 Ne5 19. Nxe5 Qxe5 20. e4 f5 21.
f3 Rd6 22. exf5 Rxd5 23. Qc4 Rd8 24. Re1 Qxf5 25. Rad1 Kf8 26. Rxd5 Rxd5 27. Qh4
Rd2+ 28. Kg1 Qd7 29. Qxh7 Qd4+ 30. Kh1 Qf6 31. Qh8+ Kf7 32. Qe8# {Black
checkmated} 1-0

[Event "Team 45 45 League T59"]
[Site "Internet Chess Club"]
[Date "2013.12.12"]
[Round "4"]
[White "Schachteufel"]
[Black "noblitz-oblige"]
[Result "1-0"]
[WhiteElo "1676"]
[BlackElo "1616"]
[Opening "Scotch: Göring gambit"]
[ECO "C44"]
[Time "08:00:40"]
[TimeControl "2700+45"]

1. e4 e5 2. Nf3 Nc6 3. d4 exd4 4. c3 d6 5. Bc4 h6 6. cxd4 Nf6 7. Nc3 g6 8. Qb3
Qe7 9. O-O Bg7 10. e5 dxe5 11. dxe5 Ng4 12. Nd5 Qd8 13. Nf6+ Nxf6 14. Bxf7+ Kf8
15. exf6 Qxf6 16. Bd5 Bf5 17. Be3 b6 18. Rac1 Na5 19. Qa3+ {Black resigns} 1-0

[Event "Team 45 45 League T59"]
[Site "Internet Chess Club"]
[Date "2013.12.14"]
[Round "4"]
[White "RD1974"]
[Black "kavinkvels"]
[Result "1-0"]
[WhiteElo "1693"]
[BlackElo "1575"]
[Opening "Scandinavian (center counter) defense"]
[ECO "B01"]
[Time "11:33:09"]
[TimeControl "2700+45"]

1. e4 d5 2. exd5 Qxd5 3. Nc3 Qa5 4. Bc4 Nf6 5. d4 Bg4 6. f3 Bf5 7. Bd2 c6 8. Ne4
Qc7 9. Nxf6+ exf6 10. Ne2 Bd6 11. Bb3 Bxh2 12. f4 Bxf4 13. Bxf4 Qe7 14. Qd2 Be4
15. Rh2 O-O 16. O-O-O Bf5 17. Rdh1 Nd7 18. g4 Bxg4 19. Rxh7 g5 20. Rh8+ Kg7 21.
R8h7+ Kg8 22. Qd3 f5 23. Ng3 gxf4 24. Nxf5 Bxf5 25. Qxf5 Qf6 26. Qg4+ Qg6 27.
Qxg6# {Black checkmated} 1-0

[Event "Team 45 45 League T59"]
[Site "Internet Chess Club"]
[Date "2013.12.15"]
[Round "4"]
[White "skwex"]
[Black "pmxpp"]
[Result "1-0"]
[WhiteElo "1569"]
[BlackElo "1381"]
[Opening "French: advance, Milner-Barry gambit"]
[ECO "C02"]
[Time "15:18:30"]
[TimeControl "2700+45"]

1. e4 e6 2. d4 d5 3. e5 c5 4. c3 Nc6 5. Nf3 Qb6 6. Bd3 cxd4 7. cxd4 Bd7 8. Bc2
Bb4+ 9. Nc3 Nge7 10. a3 Bxc3+ 11. bxc3 O-O 12. Bxh7+ Kh8 13. Ng5 g6 14. Qf3 Nf5
15. g4 Nh6 16. Qf6# {Black checkmated} 1-0

[Event "Team 45 45 League T59"]
[Site "Internet Chess Club"]
[Date "2013.12.17"]
[Round "4"]
[White "JasonModer"]
[Black "joehempel"]
[Result "0-1"]
[WhiteElo "1619"]
[BlackElo "1720"]
[Opening "King's Indian defense, 3.Nc3"]
[ECO "E61"]
[Time "16:30:13"]
[TimeControl "2700+45"]

1. d4 Nf6 2. c4 g6 3. Nc3 Bg7 4. Bf4 Nh5 5. Bg3 Nxg3 6. hxg3 d6 7. Nf3 O-O 8. e3
c5 9. Be2 cxd4 10. exd4 e5 11. dxe5 dxe5 12. Qb3 Nc6 13. Rd1 Nd4 14. Nxd4 exd4
15. Nd5 Re8 16. Ne3 Qa5+ 17. Rd2 dxe3 18. fxe3 Rd8 19. Qc2 Qxd2+ 20. Qxd2 Rxd2
21. Kxd2 Bxb2 22. Kc2 Be5 23. g4 Bd7 24. Kb3 Bc6 25. Bf3 Bxf3 26. gxf3 Rd8 27.
Kc2 b6 28. f4 Bc7 29. f5 Kg7 30. fxg6 fxg6 31. Rf1 Rf8 32. Rd1 Rf2+ 33. Kc1 h5
34. gxh5 gxh5 35. Rd7+ Rf7 36. Rd5 Kg6 37. c5 Rf5 38. Rxf5 Kxf5 39. cxb6 Bxb6
40. Kd2 Ke4 41. Ke2 Bxe3 42. Kf1 Kf3 43. Ke1 h4 44. Kd1 h3 45. Kc2 h2 46. a4
h1=Q 47. a5 Qc1+ 48. Kd3 Qd2+ 49. Kc4 Qxa5 50. Kb3 Qc5 51. Kb2 Bd4+ 52. Kb1 Qc3
53. Ka2 Qb2# {White checkmated} 0-1

[Event "Team 45 45 League T59"]
[Site "Internet Chess Club"]
[Date "2013.12.14"]
[Round "4"]
[White "amicusUK"]
[Black "Nxs123"]
[Result "1-0"]
[WhiteElo "1656"]
[BlackElo "1534"]
[Opening "Queen's pawn"]
[ECO "A40"]
[Time "16:00:14"]
[TimeControl "2700+45"]

1. d4 e6 2. Nf3 d5 3. Bf4 Nf6 4. e3 b6 5. c3 Ba6 6. Bxa6 Nxa6 7. Qa4+ Qd7 8.
Qxa6 Bd6 9. Bxd6 Qxd6 10. Qa4+ Qd7 11. Qxd7+ Nxd7 12. Na3 a6 13. Nc2 O-O-O 14.
O-O Kb7 15. a4 h5 16. b4 f6 17. h4 Rdg8 18. Rae1 g5 19. hxg5 fxg5 20. e4 g4 21.
Nd2 h4 22. exd5 exd5 23. Re3 Nf6 24. c4 h3 25. g3 Rh5 26. cxd5 Nxd5 27. Re5 Rxe5
28. dxe5 Re8 29. Re1 Nc3 30. a5 b5 31. Ne4 Nd5 32. Nc5+ Ka7 33. e6 Re7 34. Re4
Re8 35. Rxg4 Re7 36. Kh2 Nf6 37. Rf4 Nd5 38. Nd4 Nxb4 39. Nxb5+ axb5 40. Rxb4 c6
41. Rd4 Re8 42. Kxh3 Re7 43. Rd7+ {Black resigns} 1-0

[Event "Team 45 45 League T59"]
[Site "Internet Chess Club"]
[Date "2013.12.15"]
[Round "4"]
[White "DeltaChess"]
[Black "losscause"]
[Result "0-1"]
[WhiteElo "1321"]
[BlackElo "1612"]
[Opening "Caro-Kann: Steinitz variation"]
[ECO "B17"]
[Time "14:01:41"]
[TimeControl "2700+45"]

1. e4 c6 2. d4 d5 3. Nc3 dxe4 4. Nxe4 Nd7 5. Nf3 Ngf6 6. Ng3 e6 7. Be3 Qb6 8.
Rb1 Be7 9. Bd3 Nd5 10. O-O Nxe3 11. fxe3 e5 12. c3 O-O 13. Qc2 g6 14. Ne4 f5 15.
Nxe5 Nxe5 16. dxe5 fxe4 17. Bc4+ Kg7 18. Rxf8 Bxf8 19. Rf1 Qxe3+ 20. Kh1 Bc5 21.
Qc1 Qxc1 22. Rxc1 Bf5 23. Rd1 Re8 24. h3 h5 25. Kh2 Rxe5 26. Kg3 e3 27. Re1 a5
28. Re2 b5 29. Bb3 Bd3 30. Re1 Rf5 31. Bd1 Kh6 32. Kh2 Rf1 33. Rxf1 Bxf1 34. Bf3
e2 35. Bxe2 Bxe2 36. g3 Kg5 37. Kg2 Kf5 38. a3 Ke4 {White resigns} 0-1

[Event "Team 45 45 League T59"]
[Site "Internet Chess Club"]
[Date "2013.12.16"]
[Round "4"]
[White "santiagoelawad"]
[Black "xwang1"]
[Result "0-1"]
[WhiteElo "1883"]
[BlackElo "2155"]
[Opening "Benko's opening: reversed Alekhine"]
[ECO "A00"]
[Time "19:45:34"]
[TimeControl "2700+45"]

1. g3 e5 2. Nf3 Nc6 3. d4 e4 4. Ne5 Nf6 5. Bg2 d6 6. Nxc6 bxc6 7. c4 d5 8. Nc3
Bf5 9. Qa4 Qd7 10. cxd5 cxd5 11. Qxd7+ Bxd7 12. Bg5 c6 13. O-O h6 14. Bxf6 gxf6
15. Rfc1 h5 16. h4 Bd6 17. Na4 e3 18. f4 Bb4 19. Nc3 Ke7 20. a3 Ba5 21. Rd1 Bxc3
22. bxc3 Bf5 23. c4 dxc4 24. Rac1 Rhg8 25. Kh2 Bg4 26. Rc3 Kd6 27. Rxe3 Rae8 28.
Rc3 Bxe2 29. Rdc1 Rb8 30. Bf3 Bxf3 31. Rxf3 Rb3 32. Kg2 Kd5 33. Rd1 Rxf3 34.
Kxf3 Rb8 35. f5 c3 36. g4 hxg4+ 37. Kxg4 Kc4 38. h5 c2 39. Rc1 Kc3 40. h6 Kd2
{White resigns} 0-1

[Event "Team 45 45 League T59"]
[Site "Internet Chess Club"]
[Date "2013.12.16"]
[Round "4"]
[White "Greedy-Reedy"]
[Black "jjimalo"]
[Result "1/2-1/2"]
[WhiteElo "1962"]
[BlackElo "1970"]
[Opening "Sicilian: Alapin's variation (2.c3)"]
[ECO "B22"]
[Time "13:03:39"]
[TimeControl "2700+45"]

1. e4 c5 2. c3 Nf6 3. e5 Nd5 4. d4 cxd4 5. Nf3 e6 6. cxd4 d6 7. Bc4 Nb6 8. Bd3
Nc6 9. O-O dxe5 10. dxe5 Be7 11. Qe2 Nb4 12. Bb5+ Bd7 13. Rd1 N4d5 14. Nc3 O-O
15. Bd3 Nxc3 16. bxc3 Qc7 17. Qe4 g6 18. Bh6 Bc6 19. Qe3 Bxf3 20. gxf3 Rfd8 21.
c4 Qc5 22. Qe2 Rd7 23. a4 Rad8 24. a5 Nc8 25. Be4 Qxe5 26. Rxd7 Rxd7 27. Rd1
Rxd1+ 28. Qxd1 Bd6 29. Qd2 Qxh2+ 30. Kf1 Qe5 31. Bxb7 Ne7 32. f4 Qc5 33. Qc3 Nf5
34. Bg5 Qc7 35. Be4 Bxf4 36. Bxf4 Qxf4 37. Bxf5 gxf5 38. c5 Kf8 39. Qh8+ Ke7 40.
Qc8 Qc4+ 41. Kg1 {Game drawn by mutual agreement} 1/2-1/2

[Event "Team 45 45 League T59"]
[Site "Internet Chess Club"]
[Date "2013.12.14"]
[Round "4"]
[White "gerailen0075"]
[Black "laurenpar"]
[Result "1-0"]
[WhiteElo "2034"]
[BlackElo "1885"]
[Opening "Sicilian: Najdorf, Lipnitzky attack"]
[ECO "B86"]
[Time "21:34:40"]
[TimeControl "2700+45"]

1. e4 c5 2. Nf3 d6 3. d4 cxd4 4. Nxd4 Nf6 5. Nc3 a6 6. Bc4 e6 7. Bb3 Nbd7 8. f4
Nc5 9. f5 Bd7 10. O-O b5 11. fxe6 fxe6 12. a3 e5 13. Nd5 Ncxe4 14. Nxf6+ Nxf6
15. Ne6 d5 16. Nxd8 {Black resigns} 1-0

[Event "Team 45 45 League T59"]
[Site "Internet Chess Club"]
[Date "2013.12.17"]
[Round "4"]
[White "arhrid"]
[Black "BuddyT"]
[Result "1/2-1/2"]
[WhiteElo "1827"]
[BlackElo "1889"]
[Opening "French: classical, Pollock variation"]
[ECO "C14"]
[Time "22:12:36"]
[TimeControl "2700+45"]

1. e4 e6 2. d4 d5 3. Nc3 Nf6 4. Bg5 Be7 5. e5 Nfd7 6. Bxe7 Qxe7 7. Qg4 f6 8. f4
O-O 9. O-O-O a6 10. Nf3 c5 11. dxc5 Nc6 12. Qg3 Qxc5 13. f5 Ndxe5 14. Nxe5 fxe5
15. fxe6 Bxe6 16. Be2 d4 17. Na4 Qb4 18. b3 b5 19. Nb2 Qa3 20. Bf3 Nb4 21. Bxa8
Nxa2+ 22. Kd2 Qb4+ 23. Ke2 Nc3+ 24. Ke1 Ne4+ 25. c3 Nxg3 26. cxb4 Nxh1 27. Bf3
e4 28. Bxe4 Nf2 29. Rxd4 Nxe4 30. Rxe4 Bxb3 31. Rd4 Rf6 32. Nd3 Bc4 33. Rd8+ Kf7
34. Rd4 Bxd3 35. Rxd3 Rf4 36. Rd7+ Kg6 37. Ke2 Rxb4 38. Rd6+ Kh5 39. Rxa6 Ra4
40. Rb6 b4 41. Kf3 Ra3+ 42. Kf4 g5+ 43. Kf5 Ra5+ 44. Ke4 Ra4 45. Kf5 Ra5+ 46.
Ke4 Ra2 47. Kf3 Ra3+ 48. Ke4 b3 49. Kf3 b2+ 50. Kf2 Ra2 51. Kf3 g4+ 52. Kg3 Ra3+
53. Kf2 {Game drawn by mutual agreement} 1/2-1/2

[Event "Team 45 45 League T59"]
[Site "Internet Chess Club"]
[Date "2013.12.15"]
[Round "4"]
[White "chessfan"]
[Black "Pomberito"]
[Result "0-1"]
[WhiteElo "1824"]
[BlackElo "2125"]
[Opening "Ruy Lopez: Worrall attack, sharp line"]
[ECO "C77"]
[Time "18:00:34"]
[TimeControl "2700+45"]

1. e4 e5 2. Nf3 Nc6 3. Bb5 a6 4. Ba4 Nf6 5. Qe2 b5 6. Bb3 Be7 7. O-O O-O 8. c3
d5 9. exd5 e4 10. Ne1 Na5 11. d4 Nxb3 12. axb3 Qxd5 13. Bf4 c5 14. dxc5 Bxc5 15.
c4 bxc4 16. bxc4 Qf5 17. Be3 Bd6 18. h3 Re8 19. Nc3 Qe5 20. g3 Bxh3 21. Ng2 Bg4
22. Qd2 Bb4 23. Ra4 a5 24. Bg5 h6 25. Be3 Rad8 26. Qc2 Bf3 27. Ne2 Ng4 28. Nef4
Bxg2 29. Kxg2 Nxe3+ 30. fxe3 Rd2+ 31. Qxd2 Bxd2 32. Ra3 Qxb2 33. Rf2 Qxa3 34.
Rxd2 Qxe3 {White resigns} 0-1

[Event "Team 45 45 League T59"]
[Site "Internet Chess Club"]
[Date "2013.12.14"]
[Round "4"]
[White "jrobic7"]
[Black "LuxAeterna"]
[Result "0-1"]
[WhiteElo "1770"]
[BlackElo "2037"]
[Opening "Sicilian: Najdorf, Lipnitzky attack"]
[ECO "B86"]
[Time "11:00:15"]
[TimeControl "2700+45"]

1. e4 c5 2. Nf3 d6 3. d4 cxd4 4. Nxd4 Nf6 5. Nc3 a6 6. Bc4 e6 7. Bb3 Be7 8. g4
h6 9. Be3 Nc6 10. f4 Nxd4 11. Qxd4 e5 12. fxe5 dxe5 13. Qxd8+ Bxd8 14. O-O-O
Bxg4 15. Rdf1 g6 16. Rhg1 Bd7 17. Bc5 Be7 18. Rxf6 Bxf6 19. Rf1 Bg5+ 20. Kb1 f5
21. Bd6 Bf4 22. exf5 Bxf5 23. Nd5 Kd7 24. Bb4 Rae8 25. Nf6+ Kc8 26. Nxe8 Rxe8
27. Bc3 Bxh2 28. Bd2 Bf4 29. Kc1 g5 30. Bd5 h5 31. c4 h4 32. b4 Bd7 33. Kd1 Bc6
34. Bxc6 bxc6 35. Be1 h3 36. Ke2 g4 37. Bf2 g3 38. Bg1 {White resigns} 0-1

[Event "Team 45 45 League T59"]
[Site "Internet Chess Club"]
[Date "2013.12.15"]
[Round "4"]
[White "isolani"]
[Black "LiangLiang"]
[Result "0-1"]
[WhiteElo "1610"]
[BlackElo "1677"]
[Opening "Grünfeld: 5.e3"]
[ECO "D94"]
[Time "16:00:30"]
[TimeControl "2700+45"]

1. d4 Nf6 2. Nf3 g6 3. c4 Bg7 4. Nc3 d5 5. e3 O-O 6. Be2 c6 7. O-O Nbd7 8. Qb3
Nb6 9. Ne5 Be6 10. c5 Nbd7 11. Nd3 b6 12. Nf4 bxc5 13. Nxe6 fxe6 14. Qc2 cxd4
15. exd4 e5 16. dxe5 Nxe5 17. Be3 Ned7 18. Na4 Qc7 19. Rac1 Rac8 20. Nc5 Nxc5
21. Qxc5 a5 22. Bf3 e5 23. Bg5 e4 24. Be2 Ne8 25. Rc2 Kh8 26. Bg4 Rb8 27. b3 h5
28. Be6 Qe5 29. Qa7 Nc7 30. Rxc6 Nxe6 31. Be7 Rf7 32. Rxe6 Qxe6 33. Qxb8+ Kh7
34. Ba3 e3 35. Qg3 exf2+ 36. Kh1 Qe2 {White resigns} 0-1

[Event "Team 45 45 League T59"]
[Site "Internet Chess Club"]
[Date "2013.12.21"]
[Round "4"]
[White "Otelo"]
[Black "koni"]
[Result "1/2-1/2"]
[WhiteElo "1829"]
[BlackElo "1927"]
[Opening "Pirc defense"]
[ECO "B07"]
[Time "06:30:18"]
[TimeControl "2700+45"]

1. e4 d6 2. d4 Nf6 3. Nc3 e5 4. dxe5 dxe5 5. Qxd8+ Kxd8 6. Bc4 Ke8 7. Nf3 Bd6 8.
Be3 a6 9. O-O-O b5 10. Bb3 Bb7 11. Ng5 Rf8 12. Nd5 Nbd7 13. f3 h6 14. Nh3 Nxd5
15. Bxd5 Bxd5 16. Rxd5 Nf6 17. Rd3 Ke7 18. Rhd1 a5 19. Nf2 b4 20. c3 bxc3 21.
Rxc3 Rfb8 22. Bc5 Rb7 23. Nd3 Nd7 24. Bf2 Rab8 25. Rd2 Rb5 26. a3 f6 27. Rdc2
{Game drawn by mutual agreement} 1/2-1/2

[Event "Team 45 45 League T59"]
[Site "Internet Chess Club"]
[Date "2013.12.12"]
[Round "4"]
[White "RamRock"]
[Black "MBAStudent"]
[Result "1/2-1/2"]
[WhiteElo "1846"]
[BlackElo "1696"]
[Opening "Sicilian: Steinitz variation"]
[ECO "B20"]
[Time "20:03:10"]
[TimeControl "2700+45"]

1. e4 c5 2. g3 d5 3. e5 Nc6 4. f4 Bf5 5. Bg2 e6 6. c3 c4 7. Nf3 Bc5 8. d4 cxd3
9. b4 Bb6 10. Bf1 d4 11. Bxd3 Nge7 12. Bxf5 Nxf5 13. g4 Nh4 14. a3 dxc3 15.
Qxd8+ Bxd8 16. O-O Nxf3+ 17. Rxf3 Nd4 18. Rd3 Ne2+ 19. Kf1 Nxc1 20. Rxc3 Bb6 21.
Rxc1 Rd8 22. Ke2 Ke7 23. Nc3 Bd4 24. Ra2 Bb6 25. Na4 Rc8 26. Rxc8 Rxc8 27. Nxb6
axb6 28. Kd3 Rc1 29. Rc2 Ra1 30. Rc7+ Ke8 31. Rxb7 Rxa3+ 32. Ke4 Ra6 33. h4 g6
34. f5 exf5+ 35. gxf5 Ra1 36. fxg6 hxg6 37. Rxb6 Rh1 38. Kd5 Rxh4 39. b5 g5 40.
Rb8+ Kd7 41. Rb7+ Ke8 42. b6 Rb4 43. Kd6 Rd4+ 44. Kc5 Re4 45. Rb8+ Ke7 46. Kd5
Rb4 47. Rb7+ Ke8 48. Rb8+ Kd7 49. b7 Rb5+ 50. Ke4 Kc7 51. Rf8 Kxb7 52. Rxf7+ Kc6
53. Kf5 g4 54. Rg7 Rb4 55. Ke6 Rf4 56. Rg8 Kc7 57. Ke7 Ra4 58. e6 Rf4 59. Rg5
Rc4 60. Rg7 Kc8 61. Rg8+ Kc7 62. Kf6 Rf4+ 63. Ke5 Rf1 64. Rxg4 Kd8 65. Kd6 Rd1+
66. Ke5 Ke7 67. Rg7+ Ke8 68. Rh7 Re1+ {Game drawn by mutual agreement} 1/2-1/2